 Dungeon Crawl Stone Soup version 0.22.1-1-ga44c0e5 (webtiles) character file.

105 brandon the Magician (level 4, -3/25 HPs)
             Began as a Deep Elf Fire Elementalist on Oct 7, 2018.
             Slain by an iguana (6 damage)
             ... on level 3 of the Dungeon.
             The game lasted 00:05:20 (2124 turns).

brandon the Magician (Deep Elf Fire Elementalist)   Turns: 2124, Time: 00:05:21

Health: -3/25      AC:  2    Str:  5    XL:     4   Next: 53%
Magic:  10/12      EV: 13    Int: 21    God:
Gold:   88         SH:  0    Dex: 15    Spells: 2/12 levels left

rFire    . . .     SeeInvis .   j - -3 dagger (curse)
rCold    . . .     Gourm    .   (no shield)
rNeg     . . .     Faith    .   a - +0 robe
rPois    .         Spirit   .   (no helmet)
rElec    .         Reflect  .   (no cloak)
rCorr    .         Harm     .   (no gloves)
MR       .....                  (no boots)
Stlth    ++........             (no amulet)
HPRegen  0.08/turn              e - ring of flight
MPRegen  0.13/turn              (no ring)

@: no status effects
A: no striking features
a: Evoke Flight


You were on level 3 of the Dungeon.
You were not hungry.

You visited 1 branch of the dungeon, and saw 4 of its levels.

You collected 88 gold pieces.

Inventory:

Hand Weapons
 j - a cursed -3 dagger (weapon)
 n - a cursed -2 dagger
Armour
 a - a +0 robe (worn)
Jewellery
 b - an uncursed ring of protection from cold {unknown}
 e - a ring of flight (left hand)
 k - an uncursed amulet of magic regeneration {unknown}
Scrolls
 f - a scroll of amnesia
 m - a scroll of magic mapping
Potions
 d - 2 potions of haste {unknown}
 g - a potion of degeneration {unknown}
 i - a potion of brilliance {unknown}
 l - a potion of heal wounds
 o - a potion of lignification {unknown}
Comestibles
 c - 6 rations
 h - a chunk of flesh


   Skills:
 + Level 1.3 Fighting
 - Level 2.4 Dodging
 - Level 2.4 Stealth
 * Level 4.7 Spellcasting
 + Level 2.3 Conjurations
 + Level 3.9 Fire Magic


You had 2 spell levels left.
You knew the following spells:

 Your Spells              Type           Power        Failure   Level  Hunger
a - Flame Tongue          Conj/Fire      ###..        3%          1    None
b - Throw Flame           Conj/Fire      ###...       4%          2    #......
c - Conjure Flame         Conj/Fire      ###.....     10%         3    ##.....
d - Sticky Flame          Conj/Fire      ###.....     30%         4    ####...

Your spell library contained the following spells:

 Spells                   Type           Power        Failure   Level  Hunger
 Inner Flame              Hex/Fire       ##......     16%         3    ##.....
 Fireball                 Conj/Fire      ###.......   65%         5    ######.


Dungeon Overview and Level Annotations

Branches:
Dungeon (4/15)
 Temple: D:4-7

Altars:
Wu Jian

Annotations:
D:4 Pikel


Message History

* * * LOW HITPOINT WARNING * * *
There is a stone staircase leading up, spattered with blood here.
Casting: Flame Tongue (safe; 3% risk of failure)
Confirm with . or Enter, or press ? or * to list all spells.
Aiming: Flame Tongue (safe; 3% risk of failure)
Press: ? - help, Shift-Dir - straight line, f - iguana
Aim: an iguana The flame tongue hits the iguana.
The iguana is moderately wounded.
The iguana bites you.
* * * LOW HITPOINT WARNING * * *
Casting: Flame Tongue (safe; 3% risk of failure)
Confirm with . or Enter, or press ? or * to list all spells.
Aiming: Flame Tongue (safe; 3% risk of failure)
Press: ? - help, Shift-Dir - straight line, f/p - iguana
Aim: an iguana (moderately wounded)
The flame tongue hits the iguana.
The iguana is moderately wounded.
The iguana bites you.
You die...

####### #.#####
......# #...#
......# ###.#
......# #...#
).....# ###.###
###...# #...#
...l..# ####.###
.5..### #....####
....# #.#...l@#
...l######.#.#####
........##.#.#
#######.##l#.. #
#.##.### #
#.##.†.# #
#.##.#.# #
#§####l# #
#....#.#


You could see an iguana.

Vanquished Creatures
  2 slaves
  Jessica (D:2)
  3 adders
  3 worms
  2 dart slugs
  A leopard gecko (D:2)
  A giant cockroach (D:3)
  5 goblins
  6 hobgoblins
  2 jackals (D:1)
  8 kobolds
  2 bats (D:1)
  3 frilled lizards
  4 rats
43 creatures vanquished.

Notes
Turn   | Place    | Note
-------+----------+-------------------------------------------
     0 | D:1      | brandon the Deep Elf Fire Elementalist began the quest for
                  | the Orb.
     0 | D:1      | Reached XP level 1. HP: 10/10 MP: 6/6
   253 | D:1      | Reached XP level 2. HP: 16/16 MP: 6/8
   257 | D:1      | Learned a level 2 spell: Throw Flame
   803 | D:2      | Noticed Jessica
   809 | D:2      | Killed Jessica
   809 | D:2      | Reached skill level 1 in Fighting
   809 | D:2      | Reached skill level 4 in Spellcasting
   809 | D:2      | Reached XP level 3. HP: 20/20 MP: 2/10
  1148 | D:2      | Reached XP level 4. HP: 25/25 MP: 1/12
  1323 | D:2      | Learned a level 3 spell: Conjure Flame
  1328 | D:2      | Learned a level 4 spell: Sticky Flame
  1332 | D:2      | Found an ornate altar of the Wu Jian Council.
  1507 | D:2      | You fall through a shaft for 2 floors!
  1507 | D:4      | Noticed Pikel
  1507 | D:4      | Noticed a slave
  1507 | D:4      | Noticed a slave
  1507 | D:4      | Noticed a slave
  1507 | D:4      | Noticed a slave
  1513 | D:4      | Killed a slave
  1540 | D:3      | Killed a slave
  2124 | D:3      | Slain by an iguana

Skill      XL: |  1  2  3 |
---------------+----------+-----
Fighting       | 1 |  1.3
Spellcasting   | 4 |  4.7
Conjurations   | 2 |  2.3
Dodging        | |  2.4
Stealth        | |  2.4
Fire Magic     | |  3.9

Action                   |  1- 3 |  4- 6 || total
-------------------------+-------+-------++-------
Melee: Dagger            |       |    17 ||    17
 Cast: Flame Tongue      |    42 |    29 ||    71
       Throw Flame       |    15 |     7 ||    22
  Use: Scroll            |       |     3 ||     3
       Potion            |       |     1 ||     1
  Eat: Chunk             |     1 |     3 ||     4
Armor: Robe              |       |     4 ||     4
Dodge: Dodged            |     4 |    39 ||    43
